 BcadrenCrawl: Boulder Brew version 0.05.32 (webtiles) character file.

Game seed: 10120080976878961258, levelgen mode: deterministic

9832 BR41ND34D the Thaumaturge (level 11, -1/86 HPs) Gnoll Skald. Began on Oct 5, 2021. Was a Priest of Qazlal. Slain by a death knight ... wielding a cursed +6 battleaxe of draining {(Curse: Fragile)} (5 damage) ... on level 6 of the Dungeon. The game lasted 01:12:35 (7834 turns).

BR41ND34D the Thaumaturge (Gnoll Skald)             Turns: 7834, Time: 01:12:36

Health: -1/86      AC: 15    Str: 25    XL:     11 ^: 4325
Magic:  23/23      EV: 14    Int: 21    God:    Qazlal [3* [87]]
Gold:   2675       SH:  7    Dex: 15    Spells: 19/26 levels left

rFire    . . .     Vision   .   w - +7 trident of Spite {pierce, *Rage Str+9}
rCold    . . .     Gourm    .   J - +0 buckler
rNeg     . . .     Faith    .   b - +0 chain mail
rCorr    + . .     Spirit   .   z - +0 helmet
rPois    +         Reflect  .   G - +0 cloak
rElec    +         Harm     .   y - +0 pair of gloves
MR       .....     Rnd*Rage +   L - +0 pair of boots
Stlth    ..........             f - amulet of chaos
HPRegen  1.38/turn              q - ring of intelligence
MPRegen  0.33/turn              x - ring of resist corrosion

@: about to teleport, regenerating, studying Crossbows, drained
A: distributed training, fangs, strong nose
a: Upheaval, Elemental Force, Renounce Religion


You were on level 6 of the Dungeon.
You worshipped Qazlal.
Qazlal was most pleased with you.
You were not hungry.

You visited 2 branches of the dungeon, and saw 7 of its levels.

You collected 2675 gold pieces.

Inventory:

Weapons
 a - a +6 short sword of speed
 c - a +1 short sword of electrocution
 j - the +4 short sword of Disgust {pierce, Str-5 Int+2 Dex+4}
   (You found it on level 5 of the Dungeon)

   It inflicts extra damage upon your enemies.
   It affects your strength (-5).
   It affects your intelligence (+2).
   It affects your dexterity (+4).
 w - the +7 trident of Spite (weapon) {pierce, *Rage Str+9}
   (You took it off an orc on level 5 of the Dungeon)

   It inflicts extra damage upon your enemies.
   It affects your strength (+9).
   It may make you go berserk in combat.
   Shields
 J - a +0 buckler (shield)
Armour
 b - a +0 chain mail (worn)
 y - a +0 pair of gloves (worn)
 z - a +0 helmet (worn)
 G - a +0 cloak (worn)
 I - +0 steam dragon scales
 L - a +0 pair of boots (worn)
Jewellery
 f - an amulet of chaos (around neck)
 p - a cursed ring of protection {(Curse: rC-)}
 q - a ring of intelligence (left hand)
 x - a ring of resist corrosion (right hand)
 D - an uncursed amulet of magic regeneration
 K - an uncursed ring of ice
Wands
 i - a wand of flame (2)
 v - a wand of random effects (15)
 B - a wand of hasting (4)
Scrolls
 l - 2 scrolls of fog
 m - 3 scrolls of magic mapping
 n - a scroll of attention
 s - 2 scrolls of teleportation
 u - a scroll of immolation
 C - 3 scrolls of fear
 F - a scroll of vulnerability
Potions
 e - 3 potions of resistance
 g - 2 potions of lignification
 h - a potion of curing
 k - a potion of brilliance
 o - 3 potions of might
 t - a potion of invisibility
 A - a potion of heal wounds
 E - a potion of cancellation
Comestibles
 d - 18 rations


   Skills:
 + Level 7.9(6.9) Fighting
 + Level 6.3(5.3) Short Blades
 + Level 7.9(6.9) Long Blades
 + Level 6.3(5.3) Axes & Hammers
 + Level 6.3(5.3) Whips & Flails
 + Level 6.3(5.3) Polearms
 + Level 6.3(5.3) Maces & Staves
 + Level 6.3(5.3) Slings
 + Level 6.3(5.3) Bows
 + Level 8.0(6.9) Crossbows
   Level 0.0 Throwing
 + Level 6.9(5.9) Armour
 + Level 7.9(6.9) Dodging
 + Level 6.3(5.3) Stealth
 + Level 6.3(5.3) Shields
 + Level 6.3(5.3) Unarmed Combat
 + Level 8.2(7.1) Spellcasting
 + Level 5.3(4.3) Hexes
 + Level 7.7(6.6) Charms
 + Level 5.3(4.3) Summonings
 + Level 5.3(4.3) Necromancy
 + Level 5.3(4.3) Translocations
 + Level 5.3(4.3) Transmutations
 + Level 5.3(4.3) Fire Magic
 + Level 5.3(4.3) Ice Magic
 + Level 5.3(4.3) Air Magic
 + Level 5.3(4.3) Earth Magic
 + Level 5.3(4.3) Poison Magic
 + Level 7.0(5.9) Invocations
 + Level 6.3(5.3) Evocations


You had 19 spell levels left.
You knew the following spells:

 Your Spells              Type           Power        Failure   Level  Hunger
a - Infusion              Chrm           25 (25)      1%          1    0
b - Regeneration Chrm/Necr 30 (200) 7% 3 0-30 c - Spectral Weapon Chrm/Summ      30 (100)     7%          3    0-30

Your spell library contained the following spells:

 Spells                   Type           Power        Failure   Level  Hunger
 Song of Slaying          Chrm           35 (100)     1%          2    0
 Magic Candle             Hex/Fire       25 (90)      3%          1    0
 Shroud of Golubria       Chrm/Tloc      30 (200)     3%          2    0
 Alchemize Poison Fire/Tmut 25 (100) 11% 3 0-30 Blinding Spray Hex/Pois 25 (50) 11% 3 0-30 Random Cloud Fire 25 (100) 11% 3 0-30 Chaos Bolt Fire/Erth 25 (200) 69% 5 170-330 Irradiate Tmut/Pois 25 (200) 69% 5 170-330 Bolt Burst Fire 25 (200) 99% 6 290-510 Cigotuvi's Degeneration Tmut/Necr 25 (200) 99% 6 290-510 Statue Form Tmut/Erth 25 (150) 99% 6 290-510 Dragon Form Tmut 25 (200) 100% 7 410-690 Infestation Tmut/Pois      25 (200)     100%        7    410-690


Dungeon Overview and Level Annotations

Branches:
Dungeon (6/8)              Temple (1/1) D:4            Lair (0/6) D:5
    Orc: D:6

Altars:
Ashenzari
Cheibriados
Dithmenos
Elyvilon
Fedhas Madash
Gozag Ym Sagoz
Hepliaklqana
Kikubaaqudgha
Makhleb
Nemelex Xobeh
Okawaru
Qazlal
Sif Muna
Trog
Uskayaw
Vehumet
Wu Jian
Xom
Zin


Innate Abilities, Weirdness & Mutations

Your experience applies equally to all skills.
You have razor-sharp fangs.
Your uncanny sense of smell can sniff out nearby items.


Message History

The bullfrog zombie closely misses you (0).
As you read the scroll of teleportation, it crumbles to dust.
You feel strangely unstable.
You hear a shout!
The bullfrog zombie barely misses you (0).
The shadow strikes at you from the darkness!
Reactivating autopickup.
The death knight points at you and mumbles some strange words.
Your body is wracked with pain!
* * * LOW HITPOINT WARNING * * *
You feel much better.
You hear a screech!
The shadow hits you (0).
An orc comes into view.
You hear a shout!
The shadow hits you (5).
The death knight hits you with a cursed +6 battleaxe of draining {(Curse: Fragile)} (38)!!!
* * * LOW HITPOINT WARNING * * *
You feel drained.
You die...

#......... ∆#.......#
###.......#
.......<..#
....%....W#
..........+ #
.....o...W######.#
..........pZrW...####
..........z†p@....$..
.>....#########......
####.. ..... #.. $...
#. $.. .. #


You could see 2 death knights, a hungry ghost, a shadow, a wight, a bullfrog
zombie and a quokka.

Vanquished Creatures
  2 two-headed ogres (D:5)
  Joseph (D:4)
  Psyche (D:4)
  A troll (D:5)
  A hippogriff (D:5)
  A steam dragon (D:5)
  4 yaks (D:5)
  A human (D:5)
  3 hogs (D:5)
  A hungry ghost (D:5)
  3 water moccasins
  A phantom (D:3)
  A scorpion (D:5)
  2 orc warriors (D:4)
  5 porcupines (D:5)
  2 ice beasts
  4 sky beasts (D:5)
  A black bear (D:5)
  6 ogres
  6 crocodiles
  8 big kobolds
  8 bullfrogs
  4 howler monkeys
  A quasit (D:5)
  A crimson imp (D:4)
  14 jellies
  8 orc wizards
  Crazy Yiuf (D:4)
  3 orc priests
  Terence (D:2)
  8 hounds
  9 worker ants
  10 giant cockroaches
  3 bullfrog skeletons
  A shadow imp (D:4)
  10 adders
  12 gnolls
  48 sewer rats (D:2)
  5 cinder newts (D:2)
  2 oozes
  4 worms (D:2)
  A killer bee zombie (D:5)
  3 hound skeletons
  3 dart slugs (D:1)
  5 leopard geckos
  26 orcs
  3 adder skeletons
  2 adder zombies (D:5)
  A cinder newt skeleton (D:2)
  5 goblins (D:1)
  5 hobgoblins (D:1)
  9 jackals
  42 kobolds
  2 quokkas
  5 ball pythons (D:2)
  6 bats
  3 bat skeletons (D:2)
  A goblin skeleton (D:2)
  9 rats
  A bush (D:4)
  A butterfly (D:5)
  A plant (D:5)
  27 withered plants (D:2)
369 creatures vanquished.

Vanquished Creatures (others)
  A leopard gecko (D:2)
  A kobold (D:2)
  8 bushes
  3 fungi (D:5)
  A giant blowfly (D:2)
  22 plants (D:5)
  2 slimeheads (D:2)
  A spectral weapon (D:2)
  171 withered plants (D:2)
210 creatures vanquished.

Grand Total: 579 creatures vanquished

Notes
Turn   | Place    | Note
-------+----------+-------------------------------------------
     0 | D:1      | BR41ND34D the Gnoll Skald began the quest for the Orb.
     0 | D:1      | Reached XP level 1. HP: 20/20 MP: 6/6
    64 | D:1      | Identified a scroll of acquirement
    91 | D:1      | Reached XP level 2. HP: 19/26 MP: 7/7
   293 | D:1      | Reached skill level 5 in Spellcasting
   293 | D:1      | Reached XP level 3. HP: 31/31 MP: 7/9
   386 | D:1      | Reached skill level 1 in Invocations
   600 | D:1      | Learned a level 3 spell: Regeneration
   604 | D:1      | Learned a level 3 spell: Spectral Weapon
   689 | D:1      | Reached skill level 1 in Short Blades
   689 | D:1      | Reached skill level 1 in Axes & Hammers
   689 | D:1      | Reached skill level 1 in Whips & Flails
   689 | D:1      | Reached skill level 1 in Polearms
   689 | D:1      | Reached skill level 1 in Maces & Staves
   689 | D:1      | Reached skill level 1 in Slings
   689 | D:1      | Reached skill level 1 in Bows
   689 | D:1      | Reached skill level 1 in Crossbows
   689 | D:1      | Reached skill level 1 in Stealth
   689 | D:1      | Reached skill level 1 in Shields
   689 | D:1      | Reached skill level 1 in Unarmed Combat
   689 | D:1      | Reached skill level 1 in Evocations
   689 | D:1      | Reached XP level 4. HP: 36/38 MP: 11/11
   721 | D:2      | Noticed a big kobold
   738 | D:1      | Killed a big kobold
   738 | D:1      | Reached skill level 1 in Hexes
   738 | D:1      | Reached skill level 1 in Summonings
   738 | D:1      | Reached skill level 1 in Necromancy
   738 | D:1      | Reached skill level 1 in Translocations
   738 | D:1      | Reached skill level 1 in Transmutations
   738 | D:1      | Reached skill level 1 in Fire Magic
   738 | D:1      | Reached skill level 1 in Ice Magic
   738 | D:1      | Reached skill level 1 in Air Magic
   738 | D:1      | Reached skill level 1 in Earth Magic
   738 | D:1      | Reached skill level 1 in Poison Magic
   738 | D:1      | Reached XP level 5. HP: 31/43 MP: 7/12
   930 | D:2      | Reached XP level 6. HP: 50/50 MP: 13/13
  1012 | D:2      | HP: 1/50 [bullfrog (2)]
  1018 | D:2      | Reached skill level 5 in Fighting
  1018 | D:2      | Reached skill level 5 in Long Blades
  1018 | D:2      | Reached skill level 5 in Dodging
  1415 | D:2      | Reached XP level 7. HP: 37/56 MP: 13/15
  1709 | D:2      | Reached XP level 8. HP: 57/63 MP: 13/16
  1804 | D:2      | Noticed Terence
  1809 | D:2      | Killed Terence
  2686 | D:2      | Identified the -5 pair of gloves of Lony {+Blink +Fly
                  | Str+2} (You acquired it on level 2 of the Dungeon)
  2736 | D:2      | Reached XP level 9. HP: 69/69 MP: 18/18
  3360 | D:3      | Found an iron altar of Okawaru.
  3362 | D:3      | Found an ornate altar of the Wu Jian Council.
  3365 | D:3      | Found a radiant altar of Vehumet.
  3469 | D:3      | Reached skill level 5 in Armour
  4050 | D:4      | Noticed Joseph
  4067 | D:4      | Killed Joseph
  4172 | D:4      | Noticed Psyche
  4183 | D:4      | Killed Psyche
  4183 | D:4      | Reached skill level 5 in Crossbows
  4183 | D:4      | Reached skill level 5 in Invocations
  4343 | D:4      | Found a staircase to the Ecumenical Temple.
  4362 | Temple   | Entered the Ecumenical Temple
  4642 | Temple   | Became a worshipper of Qazlal Stormbringer
  4717 | D:4      | Reached XP level 10. HP: 40/77 MP: 0/20
  5127 | D:4      | Reached skill level 5 in Short Blades
  5127 | D:4      | Reached skill level 5 in Axes & Hammers
  5127 | D:4      | Reached skill level 5 in Whips & Flails
  5127 | D:4      | Reached skill level 5 in Polearms
  5127 | D:4      | Reached skill level 5 in Maces & Staves
  5127 | D:4      | Reached skill level 5 in Slings
  5127 | D:4      | Reached skill level 5 in Bows
  5127 | D:4      | Reached skill level 5 in Stealth
  5127 | D:4      | Reached skill level 5 in Shields
  5127 | D:4      | Reached skill level 5 in Unarmed Combat
  5127 | D:4      | Reached skill level 5 in Evocations
  5355 | D:4      | Identified the ring "Meerat" {MP+9 Stlth+} (You acquired it
                  | on level 4 of the Dungeon)
  5355 | D:4      | Identified the Guide on Igneous Venom (You acquired it on
                  | level 4 of the Dungeon)
  5401 | D:4      | Reached * piety under Qazlal
  5598 | D:4      | Found a runed translucent door.
  5600 | D:4      | Noticed Crazy Yiuf
  5609 | D:4      | Killed Crazy Yiuf
  5718 | D:5      | Entered Level 5 of the Dungeon
  5923 | D:5      | Found a burning altar of Makhleb.
  6592 | D:5      | Reached ** piety under Qazlal
  6701 | D:5      | Identified the +7 trident of Spite {pierce, *Rage Str+9}
  6748 | D:5      | Noticed a two-headed ogre
  6763 | D:5      | Killed a two-headed ogre
  6763 | D:5      | Reached XP level 11. HP: 46/84 MP: 13/22
  6880 | D:5      | Found a staircase to the Lair.
  6904 | D:5      | Reached skill level 5 in Hexes
  6904 | D:5      | Reached skill level 5 in Summonings
  6904 | D:5      | Reached skill level 5 in Necromancy
  6904 | D:5      | Reached skill level 5 in Translocations
  6904 | D:5      | Reached skill level 5 in Transmutations
  6904 | D:5      | Reached skill level 5 in Fire Magic
  6904 | D:5      | Reached skill level 5 in Ice Magic
  6904 | D:5      | Reached skill level 5 in Air Magic
  6904 | D:5      | Reached skill level 5 in Earth Magic
  6904 | D:5      | Reached skill level 5 in Poison Magic
  6949 | D:5      | Noticed a two-headed ogre
  6953 | D:5      | Reached *** piety under Qazlal
  6975 | D:5      | HP: 4/85 [two-headed ogre/cursed +0 dire flail {(Curse:
                  | MR-)} (18)]
  7041 | D:5      | Killed a two-headed ogre
  7359 | D:5      | Identified the +4 short sword of Disgust {pierce, Str-5
                  | Int+2 Dex+4}
  7818 | D:6      | Noticed a death knight
  7818 | D:6      | Noticed a death knight
  7834 | D:6      | HP: 4/86 [death knight/cursed +6 battleaxe of draining
                  | {(Curse: Fragile)} (38)]
  7834 | D:6      | Slain by a death knight

Levels and vault maps discovered:
D:1:      dpeg_arrival_round_b, layout_basic, minmay_rat_gold_closets
D:2:      layout_sewer, first_ration, minmay_misc_feat_ornament, uniq_terence
D:3:      layout_cave_pods, grunt_temple_overflow_open
D:4:      layout_roguey, minmay_temple_entry_overgrown, uniq_psyche,
          uniq_joseph, uniq_crazy_yiuf_cottage
D:5:      layout_loops_corners, makhleb_heckhound_becter,
          minmay_lair_entry_grove, grunt_livestock
D:6:      lemuel_castle_with_subvaults [lemuel_castle_interior_carwin_2],
          layout_irregular_city, david_orc_5, portal_ice_cave_entry_pillars_1,
          glass_columns_a, minmay_shop_mass, uniq_circe
Temple:   regret_index_temple_generic_petals

Skill      XL: |  1  2  3  4  5  6  7  8  9 10 11 |
---------------+----------------------------------+-----
Spellcasting   | 5 6 7 8 |  8.2
Invocations    | 1 2 3 4 5 6 7 |  7.0
Short Blades   | 1 2 3 4 5 6 |  6.3
Axes & Hammers | 1 2 3 4 5 6 |  6.3
Whips & Flails | 1 2 3 4 5 6 |  6.3
Polearms       | 1 2 3 4 5 6 |  6.3
Maces & Staves | 1 2 3 4 5 6 |  6.3
Slings         | 1 2 3 4 5 6 |  6.3
Bows           | 1 2 3 4 5 6 |  6.3
Crossbows      | 1 2 3 5 7 8 |  8.0
Stealth        | 1 2 3 4 5 6 |  6.3
Shields        | 1 2 3 4 5 6 |  6.3
Unarmed Combat | 1 2 3 4 5 6 |  6.3
Evocations     | 1 2 3 4 5 6 |  6.3
Hexes          | 1 2 3 4 5 |  5.3
Summonings     | 1 2 3 4 5 |  5.3
Necromancy     | 1 2 3 4 5 |  5.3
Translocations | 1 2 3 4 5 |  5.3
Transmutations | 1 2 3 4 5 |  5.3
Fire Magic     | 1 2 3 4 5 |  5.3
Ice Magic      | 1 2 3 4 5 |  5.3
Air Magic      | 1 2 3 4 5 |  5.3
Earth Magic    | 1 2 3 4 5 |  5.3
Poison Magic   | 1 2 3 4 5 |  5.3
Armour         | 3 4 5 6 |  6.9
Fighting       | 5 6 7 |  7.9
Long Blades    | 5 6 7 |  7.9
Dodging        | 5 6 7 |  7.9
Charms         | 6 7 |  7.7

Action                   |  1- 3 |  4- 6 |  7- 9 | 10-12 || total
-------------------------+-------+-------+-------+-------++-------
Melee: Falchion          |    64 |   120 |   101 |       ||   285
       Unarmed           |    43 |     1 |       |    43 ||    87
       Tailslap          |    10 |    13 |    32 |    82 ||   137
       Short sword       |       |    11 |   527 |   310 ||   848
       Cleaver           |       |       |       |    49 ||    49
       Trident           |       |       |       |   133 ||   133
 Fire: Hunting sling     |     4 |    43 |       |       ||    47
 Cast: Spectral Weapon   |       |     6 |    12 |     7 ||    25
       Regeneration      |       |     6 |     9 |     6 ||    21
       Infusion          |       |       |     1 |     4 ||     5
Invok: Upheaval          |       |       |       |     1 ||     1
Evoke: Wand              |       |       |       |     1 ||     1
  Use: Potion            |       |     1 |       |     2 ||     3
       Scroll            |       |       |     6 |     3 ||     9
 Stab: Sleeping          |     2 |       |       |       ||     2
       Distracted        |       |       |     2 |     3 ||     5
       Petrifying        |       |       |       |     3 ||     3
  Eat: Chunk             |       |     3 |    14 |    14 ||    31
Armor: Leather armour    |     7 |     7 |       |       ||    14
       Ring mail         |       |     2 |    23 |       ||    25
       Chain mail        |       |       |    82 |   118 ||   200
Dodge: Dodged            |    56 |   123 |   265 |   151 ||   595
Block: Buckler           |       |       |       |    51 ||    51
       Rpst.: Falchion   |     7 |    49 |    57 |       ||   113
